Map: 레릴락 마루

Players

Solar - Winner!

  • Race: Zerg Zerg
  • League: Platinum

PartinG

  • Race: Protoss Protoss
  • League: Platinum

Event: DreamHack ROCCAT LotV Championship

VOD

Have the link to the VOD?

Description

Time

  • Played on: Nov. 27, 2015, 11:11 a.m.
  • Length: 8:47

All games in this series

Show
View Real Time Build Order
Export as new Build Order

Solar Zerg - Winner!

Build Orders: Hatch First 

Get SALT Encoding   

  12  0:00  Drone  
  13  0:12  Overlord  
  13  0:17  Drone  
  14  0:31  Drone x2  
  14  0:34  Drone  
  17  0:51  Hatchery  
  17  0:54  Drone  
  17  0:58  Drone  
  17  1:02  Extractor  
  17  1:06  Drone  
  18  1:16  Spawning Pool  
  17  1:19  Drone  
  18  1:27  Drone  
  19  1:39  Overlord  
  19  1:51  Drone  
  20  2:02  Queen  
  20  2:03  Metabolic Boost, Zergling x2  
  20  2:04  Queen  
  20  2:07  Drone  
  26  2:11  Drone  
  27  2:18  Evolution Chamber  
  27  2:19  Zergling x2  
  27  2:23  Drone  
  28  2:33  Zergling x4  
  30  2:43  Hatchery  
  29  2:50  Zergling x4  
  31  2:52  Zergling x2  
  31  2:56  Overlord  
  32  2:59  Drone  
  32  3:05  Drone  
  34  3:07  Drone  
  35  3:15  Drone  
  35  3:16  Drone x3  
  35  3:19  Drone  
  40  3:20  Drone  
  40  3:22  Drone  
  40  3:27  Overlord  
  42  3:32  Drone  
  42  3:33  Drone  
  43  3:42  Overlord  
  43  3:45  Drone  
  43  3:49  Drone  
  43  3:50  Drone  
  43  3:51  Drone  
  43  3:52  Drone  
  43  3:53  Drone  
  43  3:54  Drone  
  48  3:56  Drone  
  48  3:58  Drone  
  50  4:05  Drone  
  50  4:08  Drone x2  
  52  4:11  Roach Warren  
  52  4:14  Extractor, Queen  
  51  4:17  Lair  
  51  4:18  Overlord  
  51  4:20  Zergling x4  
  51  4:22  Extractor  
  52  4:26  Zergling x2  
  52  4:28  Drone x2  
  52  4:31  Drone x4  
  59  4:33  Drone  
  59  4:34  Drone  
  59  4:36  Drone  
  62  4:39  Drone  
  62  4:40  Drone  
  62  4:43  Extractor  
  63  4:48  Overlord  
  63  4:50  Drone  
  63  4:51  Queen  
  66  4:54  Drone  
  66  4:58  Drone  
  66  4:59  Drone  
  69  5:02  Overlord  
  69  5:09  Drone x3  
  69  5:11  Zergling x4  
  74  5:14  Extractor  
  74  5:16  Overseer  
  74  5:17  Spire  
  74  5:18  Extractor  
  74  5:20  Overlord  
  71  5:24  Drone x8  
  79  5:31  Overlord  
  79  5:34  Zergling x2  
  80  5:37  Zergling x2  
  80  5:42  Glial Reconstitution  
  81  5:43  Roach x3  
  81  5:46  Roach x3  
  92  5:56  Overlord  
  92  5:58  Roach x3, Zergling x2  
  92  5:59  Zergling x8  
  103  6:07  Drone  
  103  6:09  Drone  
  105  6:11  Overlord, Zerg Melee Weapons Level 1  
  105  6:13  Overlord  
  105  6:14  Overlord  
  105  6:17  Overlord  
  105  6:22  Overlord  
  105  6:24  Hatchery  
  105  6:25  Overlord  
  103  6:33  Mutalisk x6  
  103  6:38  Mutalisk x2  
  117  6:42  Drone, Zerg Flyer Weapons Level 1  
  117  6:45  Drone  
  119  6:47  Drone x2  
  119  6:50  Mutalisk  
  119  6:54  Extractor  
  122  6:59  Extractor  
  120  7:01  Mutalisk x2  
  120  7:03  Zergling x8  
  128  7:09  Mutalisk  
  128  7:11  Zergling x6  
  132  7:16  Overlord  
  131  7:24  Mutalisk x2  
  131  7:25  Mutalisk  
  131  7:29  Drone x5  
  143  7:30  Drone  
  143  7:34  Overlord  
  143  7:36  Mutalisk  
  145  7:40  Zergling x4  
  136  7:46  Mutalisk x2  
  136  7:48  Zergling x2  
  139  7:51  Drone  
  139  7:52  Queen  
  139  7:55  Overlord  
  139  7:57  Mutalisk x2  
  145  8:01  Drone  
  145  8:03  Drone  
  147  8:07  Mutalisk x2  
  147  8:09  Zergling x10  
  147  8:10  Zergling x6  
  158  8:15  Hatchery  
  158  8:18  Mutalisk  
  159  8:20  Zergling x6  
Show
View Real Time Build Order
Export as new Build Order

PartinG Protoss 

Build Orders: Nexus First 

Get SALT Encoding   

  12  0:00  Probe (Chrono Boost)  
  13  0:11  Probe (Chrono Boost)  
  14  0:17  Pylon  
  14  0:22  Probe (Chrono Boost)  
  15  0:36  Probe (Chrono Boost)  
  16  0:46  Probe (Chrono Boost)  
  17  1:00  Nexus  
  17  1:10  Gateway  
  17  1:14  Probe (Chrono Boost)  
  18  1:19  Assimilator  
  18  1:24  Probe (Chrono Boost)  
  19  1:28  Assimilator  
  19  1:35  Probe (Chrono Boost)  
  20  1:45  Gateway  
  20  1:46  Probe (Chrono Boost)  
  21  1:56  Probe (Chrono Boost)  
  21  1:59  Cybernetics Core  
  22  2:07  Probe (Chrono Boost)  
  23  2:15  Probe (Chrono Boost)  
  24  2:17  Probe (Chrono Boost)  
  25  2:25  Probe (Chrono Boost)  
  25  2:28  Probe (Chrono Boost)  
  27  2:36  Adept (Chrono Boost), Warp Gate  
  31  2:37  Adept (Chrono Boost)  
  31  2:40  Probe  
  31  2:42  Mothership Core  
  34  2:49  Pylon  
  33  2:52  Probe (Chrono Boost)  
  34  3:00  Sentry (Chrono Boost)  
  34  3:03  Probe (Chrono Boost)  
  34  3:05  Probe (Chrono Boost)  
  38  3:14  Probe (Chrono Boost)  
  38  3:15  Pylon  
  38  3:16  Probe (Chrono Boost)  
  40  3:24  Pylon, Robotics Facility  
  40  3:26  Probe x2 (Chrono Boost)  
  40  3:44  Probe x2 (Chrono Boost)  
  39  3:50  Pylon  
  39  3:54  Gateway  
  39  3:56  Probe (Chrono Boost)  
  40  4:03  Probe (Chrono Boost)  
  40  4:07  Probe (Chrono Boost), Gateway  
  42  4:13  Probe (Chrono Boost)  
  43  4:18  Probe (Chrono Boost)  
  43  4:23  Robotics Bay  
  44  4:30  Probe (Chrono Boost)  
  44  4:31  Probe (Chrono Boost)  
  46  4:33  Forge  
  46  4:43  Probe x2 (Chrono Boost)  
  46  4:44  Assimilator  
  46  4:45  Adept x2  
  52  4:46  Assimilator  
  52  4:50  Pylon  
  52  4:57  Pylon  
  52  4:58  Probe x2 (Chrono Boost)  
  54  5:06  Disruptor (Chrono Boost)  
  54  5:09  Phoenix  
  54  5:11  Probe x2, Gravitic Drive (Chrono Boost)  
  59  5:17  Protoss Ground Weapons Level 1 (Chrono Boost)  
  59  5:18  Pylon  
  59  5:23  Photon Cannon  
  59  5:25  Probe x2  
  61  5:36  Pylon  
  61  5:40  Pylon, Warp Prism  
  62  5:42  Probe  
  62  5:48  Probe  
  65  5:51  Stalker x2  
  65  5:55  Probe  
  70  6:04  Sentry  
  70  6:09  Stalker  
  74  6:11  Disruptor  
  74  6:17  Nexus  
  77  6:19  Probe  
  77  6:20  Probe  
  77  6:24  Pylon  
  79  6:26  Pylon  
  79  6:30  Adept  
  81  6:34  Adept x2  
  84  6:42  Disruptor  
  84  6:45  Probe x2  
  86  6:52  Photon Cannon  
  89  7:00  Pylon  
  89  7:02  Pylon  
  89  7:03  Probe x2  
  89  7:06  Twilight Council  
  91  7:08  Sentry x2  
  91  7:13  Disruptor  
  91  7:15  Probe x2, Stargate  
  100  7:28  Probe  
  101  7:30  Probe x2  
  101  7:42  Stalker x4  
  103  7:45  Disruptor  
  103  7:50  Probe  
  103  7:53  Probe x2, Photon Cannon  
  103  7:55  Photon Cannon  
  102  8:11  Probe x2  
  102  8:19  Stalker x3  
  105  8:20  Probe  
  105  8:23  Probe x2  
  105  8:26  Pylon  
  108  8:28  Pylon  
  105  8:34  Gateway  
  105  8:35  Gateway  
  105  8:39  Stalker  

Tags
 
Add a new tag
Caveats
  • Supply blocks, unpowered buildings, or Contaminate may cause inaccurate times.
  • Supply counts are checked every 10 seconds.